molly, chaotic female human Rogue ------------ --------------- |..........| |..........<..| ------------- |..........| ##..............| |...........| #-..........| # |.............| #-...........| ###|..........| # -----|--------- #|...........| # |..........| # # ###|............#### ---------.-- # # # |...........| # # # ### --.---------- # # ### # ## # -----# # ### # # |..>-# ## # # # |...| -|---------- ### # ### |....` |..........| # # # |...| |..........-#### # ### -.--- |..........|# # -.-------|-- --.-.-.-- # ------------# ##...`f......-###############|.).....| #########################` |..@..^....| #........| ------------ --------- molly the Footpad Experience level: 2 Strength: 16 Dexterity: 18 Constitution: 12 Intelligence: 8 Wisdom: 11 Charisma: 11 Health: 0(16) Energy: 5(5) Def: 3 Gold: 86 Moves: 1411 Dungeon seed: x8b2XP1jajCKOa0p Game ID: molly_1523907207 Your Inventory: Coins $ - 86 gold pieces Weapons a - an uncursed +0 dagger named Sharptooth (weapon in hand) b - 14 uncursed +0 daggers (in quiver) q - an uncursed +0 sling Armor e - an uncursed +1 leather armor (being worn) Comestibles g - an uncursed melon l - an uncursed food ration o - an uncursed tripe ration p - an uncursed fortune cookie Tools h - an uncursed lock pick k - an uncursed lock pick s - an uncursed large box B - an uncursed sack Gems n - an uncursed worthless piece of violet glass r - 2 uncursed obsidian stones Contents of the sack: 148 gold pieces an uncursed +0 short sword an uncursed scroll of identify an uncursed potion of oil an uncursed potion of sickness Spells and supernatural/magical abilities: Name Level Category Fail Memory W - pray for help -- divine ? -- Your skills at the end: Fighting Skills Weapon Skills dagger [Basic] short sword [Basic] Spellcasting Skills Final Attributes: You were piously aligned. You were poison resistant. You were stealthy. You are dead. Vanquished creatures: a shrieker a gas spore 2 giant rats 3 yellow molds 2 geckos 6 jackals a sewer rat 5 grid bugs 2 lichens a kobold zombie 8 newts 32 creatures vanquished. Voluntary challenges: You were an atheist. You used a wielded weapon 23 times, starting on turn 56. You were illiterate. You never genocided any monsters. You never polymorphed an object. You never changed form. You used no wishes. You never split a pudding. You never wrote Elbereth's name. You never violated your personal moral code. Dungeon overview: The Dungeons of Doom: levels 1 to 4 Level 1 a long staircase Level 2 a scroll shop, a fountain Level 3 <- You were here Level 4 History has recorded: On T:1 you entered the Dungeons of Doom to retrieve the Amulet of Yendor! On T:70 you reached level 2 of The Dungeons of Doom. On T:484 you reached level 3 of The Dungeons of Doom. On T:850 you reached level 4 of The Dungeons of Doom. On T:854 you advanced to experience level 2. Score breakdown: Gold: 234 ( 8065 points) Experience: 2 levels ( 5570 points) Exploration: 4 levels ( 8.51%) ( 7661 points) Discoveries: 0 items ( 0.00%) ( 0 points) Valuables value: (no points given unless you survive) Artifact value: 0 ( 0 points) Variety of kills: 11 monsters ( 2.89%) ( 5097 points) Turncount: 1411 turns ( 0 points) Survival: died (score multiplied by 80%) Total score: 21114 Latest messages: You see here an axe. With great effort you move the boulder. You see here a large box. With great effort you move the boulder. There's some graffiti on the floor here. You read: "A uccu|us w?ll gc far?her ?han ? nym h.". With great effort you move the boulder. There's some graffiti on the floor here. You read: "A uccu|us w?ll gc far?her ?han ? nym h.". You see here a large box. You have a little trouble lifting s - a large box. Your movements are slowed slightly because of your load. There's some graffiti on the floor here. You read: "A uccu|us w?ll gc far?her ?han ? nym h.". There are a few objects here. A trap door in the ceiling opens and a rock falls on your head! There are a few objects here. A trap door in the ceiling opens and a rock falls on your head! You die... The large box is empty. The large box is empty. Final status: Goodbye molly the Rogue, killed by a falling rock... You died in The Dungeons of Doom on dungeon level 3 with 21114 points, and 234 pieces of gold, after 1411 moves. You were level 2 with a maximum of 16 hit points when you died.